 Dungeon Crawl Stone Soup version 0.31-a0-986-g5e6e4ef867 (webtiles) character file.

Game seed: 10900740792199638962

293 gelatine the Trooper (level 6, -5/48 HPs)
             Began as a Demonspawn Fighter on Nov 15, 2023.
             Slain by Duvessa
             ... wielding a +0 short sword
              (17 damage)
             ... on level 4 of the Dungeon.
             The game lasted 00:06:28 (2869 turns).

gelatine the Trooper (Demonspawn Fighter)           Turns: 2869, Time: 00:06:28

Health: -5/48      AC: 14    Str: 18    XL:     6   Next: 11%
Magic:  15/15      EV:  9    Int:  9    God:
Gold:   155        SH:  5    Dex: 13    Spells: 5/5 levels left

rFire   . . .        a - +0 war axe
rCold   . . .        c - +0 buckler
rNeg    . . .        b - +0 scale mail
rPois   .            (helmet restricted)
rElec   .            p - +0 cloak
rCorr   .            (no gloves)
SInv    .            (no boots)
Will    .....        q - amulet of the acrobat Stlth
                     h - ring of magical power
HPRegen 0.28/turn    w - ring of flight
MPRegen 0.14/turn

%: acrobat
@: sanguine armoured, flying
A: horns 2, sanguine armour 1
a: no special abilities


You were on level 4 of the Dungeon.
You visited 1 branch of the dungeon, and saw 4 of its levels.

You collected 155 gold pieces.

Inventory:

Hand Weapons
 a - a +0 war axe (weapon)
Missiles
 o - 8 boomerangs (quivered)
 t - 2 darts of dispersal
Armour
 b - a +0 scale mail (worn)
 c - a +0 buckler (worn)
 p - a +0 cloak (worn)
 s - a scarf of harm
Jewellery
 h - a ring of magical power (left hand)
 q - an amulet of the acrobat (around neck)
 w - a ring of flight (right hand)
Scrolls
 g - a scroll of amnesia
 j - a scroll of fear
 m - a scroll of noise
 r - a scroll of fog
 u - a scroll of acquirement {unknown}
 y - a scroll of blinking {unknown}
 z - a scroll of enchant armour {unknown}
Potions
 d - a potion of might
 e - 2 potions of haste
 f - a potion of brilliance
 i - a potion of lignification
 k - a potion of curing
 n - a potion of invisibility
 v - a potion of heal wounds
 x - a potion of berserk rage


   Skills:
 + Level 4.1 Fighting
 + Level 3.6 Axes
 + Level 3.7 Armour
 + Level 0.9 Dodging
 + Level 0.1 Stealth
 + Level 3.4 Shields


You had 5 spell levels left.
You didn't know any spells.
Your spell library contained the following spells:

 Spells                   Type           Power      Damage    Failure   Level
 Ozocubu's Armour         Ice            0%         N/A       99%         3
 Ozocubu's Refrigeration  Ice            0%         4d7       100%        7


Dungeon Overview and Level Annotations

Branches:
Dungeon (4/15)
 Temple: D:4-7

Altars:
Ashenzari

Annotations:
D:4 Duvessa


Innate Abilities, Weirdness & Mutations

You have a pair of horns on your head.
When seriously injured, your blood forms armour. (AC +6)


Message History

Dowan gestures at you while chanting. The puff of frost hits you!
* * * LOW HITPOINT WARNING * * *
You feel much better.
Your blood armour dries and flakes away.
Duvessa hits you with a +0 short sword!
Your blood congeals into armour.
Dowan casts a spell at you. You resist with some effort.
You hit Duvessa.
Duvessa is moderately wounded.
You hit Dowan. Dowan hits you but does no damage.
Duvessa hits you with a +0 short sword!
You slash Duvessa!
Duvessa is heavily wounded.
You barely miss Dowan. Dowan hits you but does no damage.
You block Duvessa's attack.
You hit Duvessa but do no damage.
Duvessa is heavily wounded.
You hit Dowan.
You kill Dowan!
Duvessa screams in rage.
Duvessa goes berserk!
Duvessa hits you but does no damage. You block Duvessa's attack.
Duvessa closely misses you.
Your Fighting skill increases to level 4!
You have reached level 6!
You hit Duvessa but do no damage. You headbutt Duvessa, but do no damage.
Duvessa is heavily wounded.
Duvessa hits you with a +0 short sword. You block Duvessa's attack.
You slash Duvessa!
Duvessa is severely wounded.
Duvessa hits you with a +0 short sword. Duvessa hits you but does no damage.
You barely miss Duvessa. Your headbutt misses Duvessa.
Duvessa is severely wounded.
Duvessa hits you but does no damage.
You hit Duvessa.
Duvessa is almost dead.
Duvessa hits you with a +0 short sword!
* * * LOW HITPOINT WARNING * * *
Duvessa hits you with a +0 short sword!
You die...

##.#.#.#
>..#.#.###
.........#####
.............#
...#.#.#.###.#
##...#.#.# #.#
...#.#.#.###.#####
##...#.#.......).#
##...#.#..######@#
.......#..# #e#
#....###..# #.# .
#.. #.# ##. # ..
#. .#


You could see Duvessa (berserk).

Vanquished Creatures
  Dowan (D:4)
  Jessica (D:2)
  Natasha (thrice) (D:2)
  A gnoll (D:1)
  4 adders
  6 dart slugs
  An orc (D:3)
  10 ball pythons
  7 endoplasms
  3 giant cockroaches
  8 goblins
  3 hobgoblins
  8 jackals (D:1)
  4 quokkas
  10 bats
  4 frilled lizards
  9 kobolds
  4 rats
87 creatures vanquished.

Notes
Turn   | Place    | Note
-------+----------+-------------------------------------------
     0 | D:1      | gelatine the Demonspawn Fighter began the quest for the
                  | Orb.
     0 | D:1      | Reached XP level 1. HP: 18/18 MP: 1/1
    77 | D:1      | Gained mutation: You have a pair of small horns on your
                  | head. [demonic ancestry]
    77 | D:1      | Reached XP level 2. HP: 24/24 MP: 2/2
   376 | D:1      | Gained mutation: When seriously injured, your blood forms
                  | armour. (AC +6) [demonic ancestry]
   376 | D:1      | Reached XP level 3. HP: 28/29 MP: 3/3
   817 | D:2      | Noticed Jessica
   824 | D:2      | Killed Jessica
   825 | D:2      | Gained mutation: You have a pair of horns on your head.
                  | [demonic ancestry]
   825 | D:2      | Reached XP level 4. HP: 34/35 MP: 4/4
  1486 | D:2      | Noticed Natasha
  1489 | D:2      | Killed Natasha
  1744 | D:2      | Reached XP level 5. HP: 39/41 MP: 5/5
  1841 | D:2      | Noticed Natasha
  1846 | D:2      | Killed Natasha
  2031 | D:2      | Noticed Natasha
  2036 | D:2      | Killed Natasha
  2411 | D:3      | Found a broken altar of Ashenzari.
  2851 | D:4      | Noticed Duvessa
  2851 | D:4      | Noticed Dowan
  2865 | D:4      | Killed Dowan
  2866 | D:4      | Reached skill level 4 in Fighting
  2866 | D:4      | Reached XP level 6. HP: 25/48 MP: 6/6
  2869 | D:4      | Slain by Duvessa

Illustrated notes

Levels and vault maps discovered:
D:1:      reono_arrival_mine, layout_basic, columned_hall_lemuel
D:2:      minmay_general_purpose_star, layout_loops_corners, uniq_natasha,
          uniq_jessica
D:3:      layout_basic, jmf_multi_god_temple
D:4:      layout_loops_ring, nicolae_overflow_hidden_temple, uniq_grinder,
          uniq_duvessa

Skill      XL: |  1  2  3  4  5 |
---------------+----------------+-----
Axes           | 2 3 |  3.6
Armour         | 3 |  3.7
Shields        | 3 |  3.4
Fighting       | 4 |  4.1
Dodging        | |  0.9
Stealth        | |  0.1

Action                     |  1- 3 |  4- 6 || total
---------------------------+-------+-------++-------
  Melee: War axe           |    70 |   127 ||   197
         Headbutt          |    10 |    21 ||    31
  Throw: Boomerang         |       |    12 ||    12
    Use: Scroll            |       |    10 ||    10
         Potion            |       |     2 ||     2
 Armour: Scale mail        |    55 |    81 ||   136
  Dodge: Dodged            |    31 |    70 ||   101
  Block: Buckler           |    20 |    42 ||    62

Table legend: (Time is in decaauts)
 A = Elapsed time spent in this place.
 B = Non-inter-level travel time spent in this place.
 C = Inter-level travel time spent in this place.
 D = Time resting spent in this place.
 E = Time spent auto-exploring this place.
 F = Levels seen in this place.
 G = Mean time per level.
                   A        B        C        D        E       F      G
               +--------+--------+--------+--------+--------+-----+--------+
         Total |   2948 |   2646 |    302 |      0 |   1961 |   4 |  737.0 |
       Dungeon |   2948 |   2646 |    302 |      0 |   1961 |   4 |  737.0 |
               +--------+--------+--------+--------+--------+-----+--------+

Top non-repeatable levels by time:
     D:2: 1285 daAuts
     D:1: 825 daAuts
     D:3: 736 daAuts
     D:4: 101 daAuts
